Map: King's Cove LE

Players

Scarlett - Winner!

  • Race: Zerg Zerg
  • Spawn Location: 5:00

GunGFuBanDa

  • Race: Protoss Protoss
  • Spawn Location: 11:00

Event: 2019 WCS Summer

VOD

Have the link to the VOD?

Description

Time

  • Played on: July 12, 2019, 2:51 p.m.
  • Length: 5:58

All games in this series

Show
View Real Time Build Order
Export as new Build Order

Scarlett Zerg - Winner!

Build Orders: Hatch First 

Get SALT Encoding   

  12  0:00  Drone  
  13  0:12  Overlord  
  13  0:18  Drone  
  14  0:31  Drone x2  
  14  0:35  Drone  
  17  0:52  Hatchery  
  17  0:56  Drone  
  17  1:17  Spawning Pool  
  16  1:20  Hatchery  
  16  1:22  Drone  
  16  1:23  Extractor  
  17  1:25  Drone  
  17  1:29  Drone  
  18  1:34  Drone  
  19  1:49  Overlord  
  19  2:03  Queen  
  19  2:08  Roach Warren  
  20  2:09  Drone  
  20  2:13  Overlord  
  21  2:27  Spine Crawler  
  20  2:33  Spine Crawler  
  20  2:35  Queen  
  21  2:39  Drone  
  22  2:47  Roach  
  24  2:51  Roach  
  24  2:54  Drone  
  27  3:05  Overlord  
  27  3:08  Ravager  
  29  3:13  Ravager  
  29  3:16  Queen  
  31  3:38  Roach  
  33  3:52  Queen  
  33  3:54  Roach  
  33  3:55  Queen  
  39  3:56  Spine Crawler  
  39  4:00  Ravager  
  39  4:03  Drone x2  
  41  4:15  Roach  
  43  4:23  Drone  
  44  4:27  Queen  
  46  4:33  Drone, Ravager  
  48  4:54  Queen  
  48  5:03  Roach x2  
  52  5:12  Overlord  
  52  5:13  Overlord x2  
  54  5:42  Ravager  
Show
View Real Time Build Order
Export as new Build Order

GunGFuBanDa Protoss 

Build Orders: Cannon Rush 

Get SALT Encoding   

  12  0:00  Probe  
  13  0:13  Probe  
  14  0:17  Pylon  
  14  0:23  Probe  
  15  0:31  Probe  
  16  0:38  Forge  
  16  0:39  Probe  
  17  0:52  Probe  
  18  1:07  Pylon  
  18  1:08  Pylon  
  18  1:15  Pylon  
  18  1:25  Photon Cannon  
  18  1:29  Gateway  
  18  1:40  Photon Cannon  
  18  1:43  Probe  
  18  1:45  Assimilator  
  19  1:54  Photon Cannon  
  19  1:56  Probe  
  20  2:12  Probe  
  21  2:22  Photon Cannon  
  21  2:24  Cybernetics Core  
  21  2:32  Photon Cannon  
  21  2:42  Gateway  
  21  2:51  Stalker  
  21  2:54  Photon Cannon  
  23  3:06  Shield Battery  
  23  3:14  Shield Battery  
  23  3:22  Pylon  
  23  3:25  Stalker  
  25  3:38  Pylon  
  25  3:50  Shield Battery  
  25  3:52  Stalker  
  25  3:54  Shield Battery  
  27  4:05  Shield Battery  
  27  4:10  Photon Cannon  
  27  4:26  Photon Cannon, Zealot  
  29  4:34  Cybernetics Core  
  29  4:38  Zealot  
  28  5:05  Forge  
  28  5:11  Stalker  
  28  5:15  Shield Battery  
  28  5:18  Shield Battery  
  27  5:31  Probe  
Tags
 
Add a new tag
Caveats
  • Supply blocks, unpowered buildings, or Contaminate may cause inaccurate times.
  • Supply counts are checked every 10 seconds.